 Seeded DCSS version 0.30.1 (webtiles) character file.

Game seed: 7229806256980976716 (custom seed)

2 McKennaii the Firebug (level 1, 14/14 HPs)
             Began as a Demigod Fire Elementalist on July 13, 2023.
             Quit the game on level 1 of the Dungeon.
             The game lasted 00:00:32 (172 turns).

McKennaii the Firebug (Demigod Fire Elementalist)    Turns: 172, Time: 00:00:33

Health: 14/14      AC:  2    Str:  9    XL:     1   Next: 26%
Magic:  5/5        EV: 12    Int: 17    God:
Gold:   17         SH:  0    Dex: 14    Spells: 2/3 levels left

rFire   . . .        (no weapon)
rCold   . . .        (no shield)
rNeg    . . .        a - +0 robe
rPois   .            (no helmet)
rElec   .            (no cloak)
rCorr   .            (no gloves)
SInv    .            (no boots)
Will    .....        (no amulet)
Stlth   ++           (no ring)
HPRegen 0.22/turn    (no ring)
MPRegen 0.09/turn

%: no passive effects
@: no status effects
A: high MP 1, forlorn, divine attributes
a: no special abilities


You were on level 1 of the Dungeon.
You visited 1 branch of the dungeon, and saw 1 of its levels.

You collected 17 gold pieces.

Inventory:

Missiles
 c - a throwing net
Armour
 a - a +0 robe (worn)
 g - the +7 Kryia's mail coat {PotionHeal*2 rC+}
   (You acquired it on level 1 of the Dungeon)

   PotionHeal*2: Potions heal its wearer twice as much.
   rC:        It protects you from cold.
Scrolls
 d - 2 scrolls of amnesia {unknown}
 e - a scroll of acquirement
 f - a scroll of teleportation {unknown}
Potions
 b - a potion of magic


   Skills:
 - Level 1.7 Dodging
 - Level 1.7 Stealth
 + Level 1.8 Spellcasting
 + Level 1.0 Conjurations
 + Level 2.7 Fire Magic


You had 2 spell levels left.
You knew the following spells:

 Your Spells              Type           Power      Damage    Failure   Level
a - Foxfire               Conj/Fire      32%        2x1d5     9%          1

Your spell library contained the following spells:

 Spells                   Type           Power      Damage    Failure   Level
 Scorch                   Fire           22%        2d5       10%         2
 Inner Flame              Hex/Fire       6%         N/A       32%         3
 Volatile Blastmotes      Fire/Tloc      12%        2d11      32%         3
 Flame Wave               Conj/Fire      8%         2d5       65%         4


Dungeon Overview and Level Annotations

Branches:
Dungeon (1/15)


Innate Abilities, Weirdness & Mutations

You have an increased reservoir of magic. (+10% MP)
You shall have no god before yourself.
Your divine heritage dramatically boosts your attributes as you level up.


Message History

You now have 17 gold pieces.
d - 2 scrolls labelled FUSKUR VIKLOEP You conjure some foxfire!
Your foxfire dissipates!
Your foxfire dissipates!
A quokka comes into view.
You conjure some foxfire!
A quokka is nearby!
You conjure some foxfire!
The foxfire hits the quokka but does no damage.
The foxfire hits the quokka.
The quokka is moderately wounded.
A quokka is nearby!
You conjure some foxfire!
A quokka is nearby!
There is not enough space to conjure foxfire!
A quokka is nearby!
There is not enough space to conjure foxfire!
A quokka is nearby!
There is not enough space to conjure foxfire!
A quokka is nearby!
There is not enough space to conjure foxfire!
There is not enough space to conjure foxfire!
The foxfire hits the quokka.
The quokka is heavily wounded.
The foxfire hits the quokka.
The quokka is severely wounded.
The foxfire hits the quokka.
You kill the quokka!
Your Conjurations skill increases to level 1!
Your foxfire dissipates!
Found 3 stones.
e - 3 scrolls labelled RAGIOR NADERHA You see here 3 stones.
f - a scroll labelled WUBBUN RUOS This is a scroll of acquirement!
Something appears at your feet!
g - the +7 Kryia's mail coat {PotionHeal*2 rC+} Something appears at your feet!
Are you sure you want to abandon this character and quit the game? (Confirm with "yes".)

##♣..>..♣###.
##.......###.
##♣.⌠_⌠.♣##..
#####⌠#####..
############
# ######### #
........# #
#@#
##########
#.#
#.........
#.#
#.########
#(#######.#
#.........#
###########


There were no monsters in sight!

Vanquished Creatures
  A hobgoblin (D:1)
  A quokka (D:1)
2 creatures vanquished.

Vanquished Creatures (collateral kills)
  A foxfire (D:1)
1 creature vanquished.

Vanquished Creatures (others)
  13 foxfires (D:1)
13 creatures vanquished.

Grand Total: 16 creatures vanquished

Notes
Turn   | Place    | Note
-------+----------+-------------------------------------------
     0 | D:1      | McKennaii the Demigod Fire Elementalist began the quest for
                  | the Orb.
     0 | D:1      | Reached XP level 1. HP: 14/14 MP: 5/5
   108 | D:1      | Reached skill level 1 in Conjurations
   169 | D:1      | Identified 3 scrolls of acquirement
   169 | D:1      | Acquired the +7 Kryia's mail coat {PotionHeal*2 rC+}
   169 | D:1      | Found the +7 Kryia's mail coat {PotionHeal*2 rC+}
   171 | D:1      | Acquired the ring "Adoresus" {Fly rF+ Will+}
   172 | D:1      | Quit the game

Illustrated notes

Levels and vault maps discovered:
D:1:      spicycebolla_arrival_ecumenical, layout_loops_ring

Skill      XL: |  1 |
---------------+----+-----
Conjurations   | 1 |  1.0
Dodging        | |  1.7
Stealth        | |  1.7
Spellcasting   | |  1.8
Fire Magic     | |  2.7

Action                     || total
---------------------------++-------
   Cast: Foxfire           ||     8
    Use: Scroll            ||     2
